Map: [ESL] Data-C

Players

ShaDoWn - Winner!

  • Race: Protoss Protoss
  • Spawn Location: 3:00

FightingFrog

  • Race: Protoss Protoss
  • Spawn Location: 9:00

Event: DreamHack SC2 Masters 2022 Valencia

VOD

Have the link to the VOD?

Description

Time

  • Played on: July 1, 2022, 10:04 a.m.
  • Length: 10:43

All games in this series

Show
View Real Time Build Order
Export as new Build Order

ShaDoWn Protoss - Winner!

Build Orders: Oracle Opening 

Get SALT Encoding   

  12  0:00  Probe  
  13  0:13  Probe  
  14  0:20  Pylon  
  14  0:25  Probe  
  15  0:38  Probe (Chrono Boost)  
  15  0:39  Gateway  
  16  0:48  Assimilator  
  16  0:49  Probe (Chrono Boost)  
  17  0:53  Probe (Chrono Boost)  
  18  1:04  Probe (Chrono Boost)  
  18  1:06  Assimilator  
  18  1:08  Pylon  
  19  1:13  Probe (Chrono Boost)  
  20  1:19  Probe  
  21  1:26  Cybernetics Core  
  21  1:31  Probe  
  24  1:43  Probe  
  23  1:56  Nexus  
  23  1:58  Probe  
  24  2:08  Stargate  
  24  2:12  Probe  
  27  2:24  Stalker  
  27  2:25  Probe  
  27  2:28  Warp Gate  
  28  2:34  Pylon  
  28  2:37  Probe  
  29  2:50  Probe  
  32  3:02  Oracle (Chrono Boost)  
  32  3:04  Probe (Chrono Boost)  
  33  3:08  Probe (Chrono Boost)  
  34  3:16  Stalker  
  34  3:17  Probe (Chrono Boost)  
  34  3:18  Probe (Chrono Boost)  
  38  3:20  Shield Battery  
  38  3:22  Probe (Chrono Boost)  
  40  3:28  Twilight Council  
  40  3:30  Probe (Chrono Boost)  
  41  3:34  Probe (Chrono Boost)  
  41  3:40  Probe (Chrono Boost)  
  43  3:41  Probe (Chrono Boost)  
  43  3:48  Gateway  
  43  3:49  Probe  
  43  3:50  Probe  
  45  4:01  Probe  
  45  4:02  Probe, Blink (Chrono Boost)  
  47  4:08  Nexus  
  47  4:13  Probe  
  47  4:16  Pylon  
  48  4:17  Stalker  
  48  4:19  Probe  
  51  4:25  Probe, Gateway  
  52  4:32  Gateway  
  52  4:33  Probe  
  53  4:42  Stalker  
  53  4:43  Stalker  
  53  4:44  Probe  
  53  4:45  Probe, Assimilator  
  59  4:53  Pylon  
  59  4:56  Probe  
  59  4:58  Probe  
  61  5:06  Stalker x2  
  57  5:08  Probe  
  57  5:10  Probe  
  53  5:21  Probe (Chrono Boost)  
  54  5:22  Probe (Chrono Boost)  
  54  5:23  Probe (Chrono Boost)  
  54  5:26  Stalker  
  58  5:33  Probe (Chrono Boost)  
  58  5:34  Probe (Chrono Boost)  
  58  5:35  Probe (Chrono Boost)  
  61  5:37  Stalker  
  61  5:40  Probe x2 (Chrono Boost)  
  61  5:41  Probe (Chrono Boost)  
  66  5:44  Stalker  
  66  5:47  Probe  
  66  5:49  Probe  
  70  5:50  Stalker  
  70  5:51  Stalker  
  70  5:52  Probe  
  75  5:59  Probe  
  75  6:01  Probe  
  75  6:04  Probe  
  78  6:09  Stalker  
  80  6:11  Probe, Assimilator  
  80  6:12  Assimilator  
  80  6:13  Probe  
  80  6:16  Probe  
  80  6:18  Pylon  
  83  6:20  Pylon  
  83  6:24  Pylon  
  84  6:25  Probe (Chrono Boost)  
  84  6:26  Probe (Chrono Boost)  
  85  6:37  Gateway  
  85  6:38  Probe (Chrono Boost)  
  85  6:39  Stalker x3  
  91  6:40  Probe x2 (Chrono Boost)  
  91  6:43  Probe (Chrono Boost)  
  89  6:48  Probe (Chrono Boost)  
  89  6:50  Phoenix  
  89  6:51  Probe (Chrono Boost)  
  89  6:53  Probe (Chrono Boost)  
  94  7:00  Probe (Chrono Boost)  
  97  7:02  Probe (Chrono Boost)  
  97  7:04  Probe (Chrono Boost)  
  97  7:05  Probe (Chrono Boost)  
  97  7:07  Stalker x3, Probe (Chrono Boost)  
  104  7:10  Pylon  
  104  7:12  Probe  
  104  7:14  Probe  
  107  7:17  Charge, Forge  
  107  7:23  Probe  
  107  7:25  Pylon  
  107  7:28  Probe  
  109  7:33  Stalker  
  109  7:34  Stalker x3  
  117  7:40  Robotics Facility  
  117  7:44  Pylon  
  117  7:46  Stalker  
  119  7:57  Stalker x3  
  125  7:59  Pylon  
  125  8:12  Stalker x2  
  123  8:13  Probe  
  123  8:18  Protoss Ground Weapons Level 1 (Chrono Boost)  
  122  8:21  Nexus  
  120  8:27  Stalker x3  
  120  8:31  Pylon  
  120  8:33  Gateway  
  120  8:34  Warp Prism (Chrono Boost)  
  122  8:35  Gateway  
  122  8:39  Gateway  
  124  8:43  Stalker x2  
  126  8:54  Stalker x3  
  122  8:56  Probe  
  123  9:03  Probe  
  123  9:07  Stalker x2  
  123  9:08  Gateway x2  
  128  9:11  Observer  
  125  9:21  Stalker x2  
  125  9:22  Stalker  
  129  9:30  Zealot x4  
  137  9:32  Templar Archives  
  137  9:38  Zealot  
  139  9:44  Zealot x2  
  139  9:45  Zealot  
  143  9:52  Zealot x4  
  147  9:57  Gateway  
  135  10:12  Zealot x9  
  138  10:14  Zealot  
  122  10:34  Stalker x2, Zealot x7  
Show
View Real Time Build Order
Export as new Build Order

FightingFrog Protoss 

Build Orders: 1 Gate Expand, Oracle Opening, Phoenix Opening 

Get SALT Encoding   

  12  0:00  Probe  
  13  0:12  Probe  
  14  0:18  Pylon  
  14  0:24  Probe  
  15  0:36  Probe (Chrono Boost)  
  15  0:40  Gateway  
  16  0:46  Probe (Chrono Boost)  
  16  0:47  Assimilator  
  17  0:51  Probe (Chrono Boost)  
  18  1:03  Probe  
  19  1:17  Probe  
  20  1:24  Nexus  
  20  1:29  Probe  
  21  1:37  Cybernetics Core  
  21  1:43  Assimilator  
  21  1:49  Pylon  
  21  1:52  Probe  
  22  2:04  Probe  
  23  2:19  Probe  
  23  2:22  Stargate  
  24  2:28  Stalker  
  26  2:31  Probe (Chrono Boost)  
  26  2:36  Probe (Chrono Boost)  
  28  2:43  Probe (Chrono Boost)  
  29  2:47  Warp Gate, Probe (Chrono Boost)  
  29  2:49  Assimilator  
  29  2:50  Probe (Chrono Boost)  
  31  2:52  Probe (Chrono Boost)  
  31  2:57  Probe  
  32  3:02  Probe  
  32  3:04  Phoenix (Chrono Boost)  
  35  3:09  Probe, Assimilator  
  36  3:14  Shield Battery  
  36  3:15  Probe  
  37  3:20  Oracle (Chrono Boost)  
  37  3:22  Probe  
  41  3:29  Pylon  
  41  3:38  Twilight Council  
  41  3:44  Probe  
  41  3:46  Stalker  
  41  3:47  Probe  
  45  3:56  Probe  
  45  3:59  Probe  
  47  4:06  Oracle (Chrono Boost)  
  47  4:08  Probe  
  51  4:11  Probe  
  51  4:14  Blink (Chrono Boost)  
  52  4:20  Probe  
  52  4:23  Probe  
  54  4:29  Gateway  
  54  4:32  Pylon  
  54  4:35  Gateway  
  54  4:49  Forge  
  54  4:50  Probe x2  
  56  5:02  Probe x2  
  58  5:14  Probe  
  58  5:15  Probe  
  58  5:18  Nexus  
  58  5:19  Protoss Ground Weapons Level 1 (Chrono Boost)  
  58  5:20  Pylon  
  57  5:28  Pylon  
  57  5:29  Oracle  
  57  5:31  Probe  
  57  5:34  Pylon  
  61  5:38  Shield Battery  
  61  5:39  Stalker x2  
  65  5:44  Shield Battery  
  65  5:47  Robotics Facility  
  65  5:49  Shield Battery  
  65  5:52  Probe x2  
  63  6:11  Stalker x2  
  67  6:13  Probe  
  68  6:26  Probe, Gateway  
  69  6:33  Gateway  
  69  6:36  Gateway  
  69  6:46  Immortal (Chrono Boost)  
  69  6:48  Stalker x2  
  69  6:51  Pylon  
  69  6:52  Pylon  
  69  6:53  Probe  
  78  6:56  Charge  
  78  6:58  Probe  
  78  7:00  Gateway  
  77  7:02  Pylon  
  77  7:09  Pylon  
  77  7:14  Protoss Ground Weapons Level 2 (Chrono Boost)  
  77  7:15  Stalker x2  
  79  7:18  Immortal  
  85  7:29  Stalker x2  
  89  7:31  Sentry  
  91  7:46  Nexus  
  91  7:49  Pylon  
  91  7:50  Probe x2  
  93  7:51  Stalker, Sentry  
  93  7:53  Sentry  
  93  7:55  Stalker  
  101  8:00  Pylon  
  101  8:02  Probe x2  
  95  8:14  Stalker x2  
  95  8:15  Stalker x2, Immortal  
  97  8:28  Stalker x2  
  97  8:32  Pylon  
  101  8:41  Stalker x4  
  109  8:49  Probe  
  109  8:51  Probe  
  105  8:56  Nexus  
  105  8:59  Observer (Chrono Boost)  
  105  9:01  Sentry x2  
  110  9:03  Shield Battery  
  108  9:22  Sentry  
  108  9:23  Stalker x3  
  116  9:28  Stalker x2  
  120  9:34  Probe  
  120  9:36  Probe  
  116  9:51  Probe  
  115  9:53  Stalker x3  
  106  10:09  Stalker x2  
  106  10:10  Stalker  
  89  10:19  Stalker  
  89  10:21  Probe x3  
  79  10:28  Zealot  

Tags
 
Add a new tag
Caveats
  • Supply blocks, unpowered buildings, or Contaminate may cause inaccurate times.
  • Supply counts are checked every 10 seconds.